[ PARTIDA AOE2 · #475149997 ]
UnrankedBorgoñones vs Khmer
[ ANÁLISIS DE REPETICIÓN · EXTRAÍDO DE LA PARTIDA GRABADA ]
Feudal
7:50
Castillos
14:41
Imperial
32:52
| APM promedio | 23.7 |
| APM pico | 78 |
| eAPM promedio | 18.1 |
| Aldeanos / militares | 116 / 921 |
Foco
⚔️ 40.3% · 🌾 59.7%
Scout Cavalry ×522 · Knight ×392 · Trade Cart ×27 · Coustillier ×3 · Bombard Cannon ×3 · Battering Ram ×1
Feudal
8:02
Castillos
10:42
Imperial
26:23
| APM promedio | 30.4 |
| APM pico | 79 |
| eAPM promedio | 16.7 |
| Aldeanos / militares | 175 / 264 |
Foco
⚔️ 31.9% · 🌾 68.1%
Ballista Elephant ×169 · Scout Cavalry ×69 · Trade Cart ×29 · Trebuchet (Packed) ×26
Feudal
8:43
Castillos
12:38
Imperial
26:46
| APM promedio | 19.2 |
| APM pico | 71 |
| eAPM promedio | 16.4 |
| Aldeanos / militares | 99 / 424 |
Foco
⚔️ 51.1% · 🌾 48.9%
Knight ×410 · Trade Cart ×49 · Scout Cavalry ×10 · Trebuchet (Packed) ×2 · Monk ×1 · Spearman ×1
Feudal
8:01
Castillos
14:53
Imperial
27:20
| APM promedio | 29.1 |
| APM pico | 177 |
| eAPM promedio | 23.9 |
| Aldeanos / militares | 163 / 376 |
Foco
⚔️ 47.7% · 🌾 52.3%
Knight ×198 · Scorpion ×57 · Spearman ×45 · Scout Cavalry ×44 · Trade Cart ×23 · Trebuchet (Packed) ×18
Feudal
7:36
Castillos
16:36
Imperial
34:05
| APM promedio | 16.2 |
| APM pico | 45 |
| eAPM promedio | 13.9 |
| Aldeanos / militares | 147 / 520 |
Foco
⚔️ 38.9% · 🌾 61.1%
Spearman ×326 · Scorpion ×129 · Militia ×32 · Trade Cart ×22 · Mangonel ×18 · Battering Ram ×13
Feudal
8:22
Castillos
16:13
Imperial
31:22
| APM promedio | 15.3 |
| APM pico | 50 |
| eAPM promedio | 12.7 |
| Aldeanos / militares | 138 / 231 |
Foco
⚔️ 32.2% · 🌾 67.8%
War Elephant ×128 · Trade Cart ×57 · Spearman ×45 · Scout Cavalry ×30 · Bombard Cannon ×28
Feudal
8:28
Castillos
12:25
Imperial
27:08
| APM promedio | 18.2 |
| APM pico | 45 |
| eAPM promedio | 12.6 |
| Aldeanos / militares | 138 / 303 |
Foco
⚔️ 20.4% · 🌾 79.6%
Scout Cavalry ×204 · Janissary ×94 · Trade Cart ×32 · Bombard Cannon ×4 · Monk ×1
Feudal
8:12
Castillos
11:50
Imperial
26:03
| APM promedio | 21.6 |
| APM pico | 54 |
| eAPM promedio | 14.9 |
| Aldeanos / militares | 112 / 262 |
Foco
⚔️ 43.6% · 🌾 56.4%
Spearman ×164 · Scout Cavalry ×86 · Unknown (1974) ×71 · Unknown (1968) ×50 · Unknown (1942) ×17 · Trade Cart ×14
Mapa de la partida
Recursos iniciales + cada clic de construcción. Líneas = muros · curvas = relieve. ◆ oro · ⬟ piedra · ● bayas · ✦ reliquia · ◌ hueco del cierre
Tu base· ✓ Cerrada en 14:41 · 20t muro · 7 puerta(s)
Base de damian.miramontes· ✓ Cerrada en 10:42 · 26t muro · 8 puerta(s)
Base de rauni11· ✓ Cerrada en 12:38 · 33t muro · 6 puerta(s)
Base de Papi· ✓ Cerrada en 14:53 · 7t muro · 8 puerta(s)
Base de manejc94· ✓ Cerrada en 16:36 · 57t muro · 7 puerta(s)
Base de Soldier· ✓ Cerrada en 16:13 · 0t muro · 7 puerta(s)
Base de BlackDream· ✓ Cerrada en 12:25 · 0t muro · 9 puerta(s)
Base de aganeysinmas· ✓ Cerrada en 11:50 · 24t muro · 6 puerta(s)
Terreno inicial suavizado · ◌ = hueco del cierre detectado · pasá el cursor para detalles
Inputs por minuto
— Sauron_aoe - - damian.miramontes
Build order — Sauron_aoe
Primeras 150 de 647 acciones detectadas
| 0:01 | Crear | Villager (Male) |
| 0:10 | Construir | Lumber Camp |
| 0:18 | Crear | Villager (Male) |
| 0:18 | Crear | Villager (Male) |
| 0:18 | Crear | Villager (Male) |
| 0:19 | Crear | Villager (Male) |
| 1:36 | Crear | Villager (Male) |
| 1:37 | Crear | Villager (Male) |
| 1:37 | Crear | Villager (Male) |
| 1:57 | Crear | Villager (Male) |
| 2:56 | Crear | Villager (Male) |
| 2:57 | Crear | Villager (Male) |
| 2:57 | Crear | Villager (Male) |
| 3:08 | Crear | Villager (Male) |
| 3:51 | Construir | Mill |
| 4:12 | Crear | Villager (Male) |
| 4:20 | Crear | Villager (Male) |
| 4:37 | Construir | Farm |
| 4:37 | Construir | Farm |
| 4:37 | Construir | Farm |
| 4:38 | Construir | Farm |
| 4:38 | Construir | Farm |
| 4:39 | Construir | Farm |
| 4:39 | Construir | Farm |
| 4:39 | Construir | Farm |
| 5:06 | Construir | Farm |
| 5:40 | Investigar | Feudal Age |
| 6:08 | Investigar | Double-Bit Axe |
| 6:09 | Investigar | Double-Bit Axe |
| 6:16 | Investigar | Horse Collar |
| 6:29 | Construir | Mining Camp |
| 6:56 | Crear | Villager (Male) |
| 6:56 | Crear | Villager (Male) |
| 6:56 | Crear | Villager (Male) |
| 7:21 | Crear | Villager (Male) |
| 7:21 | Crear | Villager (Male) |
| 7:45 | Construir | House |
| 7:46 | Construir | House |
| 7:50 | Edad | Edad Feudal |
| 8:01 | Construir | Market |
| 8:24 | Construir | Blacksmith |
| 8:33 | Crear | Villager (Male) |
| 8:33 | Crear | Villager (Male) |
| 9:00 | Crear | Villager (Male) |
| 9:26 | Construir | Stone Wall |
| 9:28 | Crear | Villager (Male) |
| 9:36 | Construir | Farm |
| 9:37 | Construir | Farm |
| 9:52 | Investigar | Loom |
| 9:56 | Crear | Villager (Male) |
| 9:56 | Crear | Villager (Male) |
| 9:56 | Crear | Villager (Male) |
| 10:03 | Construir | Farm |
| 10:58 | Crear | Villager (Male) |
| 11:06 | Investigar | Gold Mining |
| 11:33 | Crear | Villager (Male) |
| 11:55 | Investigar | Castle Age |
| 12:25 | Investigar | Scale Barding Armor |
| 13:04 | Investigar | Forging |
| 13:23 | Construir | Farm |
| 14:41 | Edad | Edad de los Castillos |
| 14:42 | Construir | Mining Camp |
| 14:48 | Construir | Town Center |
| 14:53 | Crear | Villager (Male) |
| 14:54 | Crear | Villager (Male) |
| 15:09 | Construir | Stable |
| 15:11 | Crear | Villager (Male) |
| 15:32 | Investigar | Stone Mining |
| 15:34 | Crear | Villager (Male) |
| 15:34 | Crear | Villager (Male) |
| 16:02 | Construir | House |
| 16:14 | Crear | Villager (Male) |
| 16:15 | Crear | Villager (Male) |
| 16:57 | Crear | Villager (Male) |
| 16:57 | Crear | Villager (Male) |
| 16:58 | Crear | Villager (Male) |
| 16:59 | Crear | Villager (Male) |
| 17:30 | Construir | Town Center |
| 17:34 | Crear | Villager (Male) |
| 17:35 | Crear | Villager (Male) |
| 17:52 | Crear | Villager (Male) |
| 17:53 | Crear | Villager (Male) |
| 17:54 | Crear | Villager (Male) |
| 17:58 | Investigar | Chain Barding Armor |
| 18:02 | Investigar | Husbandry |
| 18:10 | Crear | Coustillier |
| 18:10 | Crear | Coustillier |
| 18:11 | Crear | Coustillier |
| 18:27 | Crear | Villager (Male) |
| 18:27 | Crear | Villager (Male) |
| 18:37 | Construir | House |
| 18:40 | Construir | House |
| 18:41 | Construir | House |
| 18:48 | Construir | House |
| 18:49 | Construir | House |
| 18:49 | Construir | House |
| 18:53 | Crear | Villager (Male) |
| 18:53 | Crear | Villager (Male) |
| 19:30 | Crear | Villager (Male) |
| 19:30 | Crear | Villager (Male) |
| 19:30 | Crear | Villager (Male) |
| 19:31 | Crear | Villager (Male) |
| 19:37 | Crear | Villager (Male) |
| 19:50 | Construir | Farm |
| 19:51 | Construir | Farm |
| 19:51 | Construir | Farm |
| 19:51 | Construir | Farm |
| 19:52 | Construir | Farm |
| 19:52 | Construir | Farm |
| 20:14 | Construir | Stable |
| 20:23 | Crear | Villager (Male) |
| 20:23 | Crear | Villager (Male) |
| 20:23 | Crear | Villager (Male) |
| 20:40 | Construir | Castle |
| 20:45 | Construir | Mining Camp |
| 20:59 | Construir | Stable |
| 21:06 | Crear | Villager (Male) |
| 21:07 | Crear | Villager (Male) |
| 21:07 | Crear | Villager (Male) |
| 21:22 | Construir | Farm |
| 21:22 | Construir | Farm |
| 21:32 | Construir | Farm |
| 21:32 | Construir | Farm |
| 21:32 | Construir | Farm |
| 21:38 | Crear | Villager (Male) |
| 21:39 | Crear | Villager (Male) |
| 21:39 | Crear | Villager (Male) |
| 22:02 | Crear | Villager (Male) |
| 22:03 | Crear | Villager (Male) |
| 22:03 | Crear | Villager (Male) |
| 22:17 | Crear | Villager (Male) |
| 22:18 | Crear | Villager (Male) |
| 22:18 | Crear | Villager (Male) |
| 22:22 | Construir | Farm |
| 22:23 | Construir | Farm |
| 22:30 | Investigar | Heavy Plow |
| 22:33 | Construir | Farm |
| 22:33 | Construir | Farm |
| 22:58 | Construir | Farm |
| 22:59 | Construir | Farm |
| 22:59 | Construir | Farm |
| 23:08 | Crear | Villager (Male) |
| 23:08 | Crear | Villager (Male) |
| 23:08 | Crear | Villager (Male) |
| 23:25 | Construir | Market |
| 23:29 | Crear | Villager (Male) |
| 23:30 | Crear | Villager (Male) |
| 23:30 | Crear | Villager (Male) |
| 23:48 | Crear | Villager (Male) |
| 23:48 | Crear | Villager (Male) |
Build order — damian.miramontes
Primeras 150 de 351 acciones detectadas
| 0:01 | Crear | Villager (Male) |
| 0:02 | Crear | Villager (Male) |
| 0:02 | Crear | Villager (Male) |
| 0:43 | Crear | Villager (Male) |
| 0:43 | Crear | Villager (Male) |
| 1:03 | Crear | Villager (Male) |
| 1:42 | Crear | Villager (Male) |
| 1:42 | Crear | Villager (Male) |
| 2:19 | Crear | Villager (Male) |
| 2:20 | Crear | Villager (Male) |
| 2:20 | Crear | Villager (Male) |
| 2:44 | Crear | Villager (Male) |
| 2:45 | Crear | Villager (Male) |
| 3:30 | Construir | Lumber Camp |
| 3:36 | Construir | Lumber Camp |
| 3:37 | Crear | Villager (Male) |
| 3:51 | Crear | Villager (Male) |
| 4:03 | Construir | Mill |
| 4:08 | Crear | Villager (Male) |
| 5:06 | Crear | Villager (Male) |
| 5:32 | Investigar | Feudal Age |
| 5:44 | Construir | Mining Camp |
| 7:24 | Construir | Mining Camp |
| 8:02 | Edad | Edad Feudal |
| 8:03 | Investigar | Castle Age |
| 8:03 | Investigar | Castle Age |
| 8:21 | Construir | Stone Wall |
| 8:45 | Construir | Stone Wall |
| 8:49 | Construir | Gate |
| 9:06 | Construir | Gate |
| 9:15 | Investigar | Horse Collar |
| 9:42 | Construir | Stone Wall |
| 9:46 | Construir | Gate |
| 10:10 | Investigar | Double-Bit Axe |
| 10:35 | Crear | Villager (Male) |
| 10:42 | Edad | Edad de los Castillos |
| 10:47 | Crear | Villager (Male) |
| 11:19 | Construir | Stone Wall |
| 11:26 | Crear | Villager (Male) |
| 11:26 | Crear | Villager (Male) |
| 11:36 | Crear | Villager (Male) ×5 |
| 11:36 | Crear | Villager (Male) ×5 |
| 11:52 | Construir | Town Center |
| 12:25 | Construir | Stone Wall |
| 12:29 | Construir | Gate |
| 13:42 | Construir | Stone Wall |
| 13:46 | Construir | Gate |
| 13:49 | Crear | Villager (Male) |
| 13:50 | Crear | Villager (Male) |
| 13:57 | Crear | Villager (Male) ×2 |
| 14:03 | Construir | Town Center |
| 14:25 | Construir | Farm |
| 14:25 | Construir | Farm |
| 14:25 | Construir | Farm |
| 14:26 | Construir | Farm |
| 14:26 | Construir | Farm |
| 14:30 | Construir | Farm |
| 15:06 | Construir | Farm |
| 15:07 | Construir | Farm |
| 15:07 | Construir | Farm |
| 15:07 | Construir | Farm |
| 15:07 | Construir | Farm |
| 15:08 | Construir | Farm |
| 15:08 | Construir | Farm |
| 15:08 | Construir | Farm |
| 15:08 | Construir | Farm |
| 15:13 | Crear | Villager (Male) ×3 |
| 15:13 | Crear | Villager (Male) ×3 |
| 15:45 | Crear | Villager (Male) |
| 15:45 | Crear | Villager (Male) |
| 15:46 | Crear | Villager (Male) |
| 16:31 | Construir | Stone Wall |
| 16:39 | Crear | Villager (Male) ×5 |
| 16:39 | Crear | Villager (Male) ×5 |
| 16:47 | Construir | Farm |
| 17:10 | Crear | Villager (Male) ×4 |
| 17:46 | Construir | Farm |
| 17:46 | Construir | Farm |
| 17:46 | Construir | Farm |
| 17:46 | Construir | Farm |
| 17:47 | Construir | Farm |
| 17:47 | Construir | Farm |
| 17:47 | Construir | Farm |
| 17:48 | Construir | Farm |
| 17:48 | Construir | Farm |
| 17:48 | Construir | Farm |
| 17:48 | Construir | Farm |
| 17:49 | Construir | Farm |
| 17:59 | Crear | Villager (Male) ×5 |
| 17:59 | Crear | Villager (Male) ×5 |
| 17:59 | Crear | Villager (Male) |
| 18:08 | Construir | House |
| 18:11 | Construir | House |
| 18:36 | Construir | Farm |
| 18:36 | Construir | Farm |
| 18:36 | Construir | Farm |
| 18:37 | Construir | Farm |
| 18:37 | Construir | Farm |
| 18:37 | Construir | Farm |
| 18:37 | Construir | Farm |
| 18:38 | Construir | Farm |
| 18:40 | Construir | Farm |
| 18:41 | Construir | Farm |
| 18:42 | Construir | Farm |
| 18:46 | Construir | Farm |
| 18:47 | Construir | Farm |
| 18:48 | Construir | Farm |
| 18:48 | Construir | Farm |
| 18:51 | Construir | Farm |
| 18:53 | Construir | Farm |
| 18:53 | Construir | Farm |
| 18:53 | Construir | Farm |
| 18:54 | Construir | Farm |
| 18:54 | Construir | Farm |
| 18:54 | Construir | Farm |
| 18:55 | Construir | Farm |
| 18:55 | Construir | Farm |
| 18:55 | Construir | Farm |
| 18:56 | Construir | Farm |
| 18:56 | Construir | Farm |
| 18:56 | Construir | Farm |
| 18:57 | Construir | Farm |
| 19:06 | Crear | Villager (Male) ×5 |
| 19:07 | Crear | Villager (Male) ×5 |
| 19:07 | Crear | Villager (Male) ×5 |
| 19:21 | Construir | Gate |
| 19:59 | Construir | Town Center |
| 20:07 | Construir | House |
| 20:10 | Construir | House |
| 20:11 | Construir | House |
| 20:12 | Construir | House |
| 20:15 | Construir | House |
| 20:17 | Construir | House |
| 20:32 | Investigar | Gold Mining |
| 20:42 | Crear | Villager (Male) ×5 |
| 21:28 | Construir | Stone Wall |
| 21:33 | Crear | Villager (Male) ×5 |
| 21:33 | Crear | Villager (Male) ×5 |
| 21:40 | Investigar | Heavy Plow |
| 21:47 | Investigar | Bow Saw |
| 21:58 | Crear | Villager (Male) ×5 |
| 21:58 | Crear | Villager (Male) ×5 |
| 22:10 | Construir | Farm |
| 22:10 | Construir | Farm |
| 22:11 | Construir | Farm |
| 22:11 | Construir | Farm |
| 22:11 | Construir | Farm |
| 22:37 | Investigar | Imperial Age |
| 22:41 | Investigar | Loom |
| 22:44 | Investigar | Town Watch |
Build order — rauni11
Primeras 150 de 710 acciones detectadas
| 0:19 | Construir | Mill |
| 0:32 | Crear | Villager (Male) |
| 0:32 | Crear | Villager (Male) |
| 0:33 | Crear | Villager (Male) |
| 0:33 | Crear | Villager (Male) |
| 0:33 | Crear | Villager (Male) |
| 0:42 | Construir | Lumber Camp |
| 1:55 | Crear | Villager (Male) |
| 1:55 | Crear | Villager (Male) |
| 1:56 | Crear | Villager (Male) |
| 3:37 | Crear | Villager (Male) |
| 3:38 | Crear | Villager (Male) |
| 3:38 | Crear | Villager (Male) |
| 3:38 | Crear | Villager (Male) |
| 4:58 | Construir | Farm |
| 5:12 | Crear | Villager (Male) |
| 5:14 | Crear | Villager (Male) |
| 5:15 | Crear | Villager (Male) |
| 5:25 | Construir | Farm |
| 5:30 | Investigar | Feudal Age |
| 6:01 | Construir | Farm |
| 6:28 | Construir | Farm |
| 7:13 | Construir | Mining Camp |
| 7:18 | Crear | Villager (Male) |
| 8:43 | Edad | Edad Feudal |
| 9:04 | Crear | Villager (Male) |
| 9:11 | Construir | Blacksmith |
| 9:22 | Construir | Stable |
| 9:32 | Crear | Villager (Male) |
| 9:48 | Investigar | Castle Age |
| 10:14 | Construir | Stone Wall |
| 10:31 | Construir | Mining Camp |
| 10:40 | Construir | Stone Wall |
| 10:57 | Construir | Stone Wall |
| 11:46 | Crear | Villager (Male) |
| 11:47 | Crear | Villager (Male) |
| 11:58 | Investigar | Loom |
| 12:38 | Edad | Edad de los Castillos |
| 12:52 | Crear | Villager (Male) |
| 12:52 | Crear | Villager (Male) |
| 12:58 | Investigar | Double-Bit Axe |
| 13:18 | Construir | Monastery |
| 13:47 | Construir | Town Center |
| 14:01 | Crear | Villager (Male) |
| 14:09 | Crear | Monk |
| 14:17 | Crear | Spearman |
| 14:36 | Crear | Villager (Male) |
| 14:37 | Crear | Villager (Male) |
| 15:15 | Crear | Villager (Male) |
| 15:16 | Crear | Villager (Male) |
| 15:16 | Crear | Villager (Male) |
| 15:32 | Construir | Market |
| 15:51 | Construir | Farm |
| 15:56 | Crear | Villager (Male) |
| 15:57 | Crear | Villager (Male) |
| 16:15 | Construir | Town Center |
| 16:26 | Crear | Villager (Male) |
| 16:27 | Crear | Villager (Male) |
| 16:35 | Construir | Stable |
| 16:43 | Construir | Farm |
| 16:46 | Crear | Villager (Male) |
| 16:46 | Crear | Villager (Male) |
| 17:06 | Crear | Villager (Male) |
| 17:06 | Crear | Villager (Male) |
| 17:07 | Crear | Villager (Male) |
| 17:11 | Construir | House |
| 17:25 | Investigar | Bow Saw |
| 17:26 | Investigar | Bow Saw |
| 17:39 | Investigar | Stone Mining |
| 17:46 | Construir | Farm |
| 17:59 | Crear | Villager (Male) |
| 17:59 | Crear | Villager (Male) |
| 17:59 | Crear | Villager (Male) |
| 18:00 | Crear | Villager (Male) |
| 18:00 | Crear | Villager (Male) |
| 18:01 | Crear | Villager (Male) |
| 18:02 | Construir | Farm |
| 18:12 | Construir | Lumber Camp |
| 18:20 | Crear | Villager (Male) |
| 18:20 | Crear | Villager (Male) |
| 18:27 | Construir | Farm |
| 18:59 | Crear | Villager (Male) |
| 19:05 | Investigar | Wheelbarrow |
| 19:05 | Investigar | Wheelbarrow |
| 19:13 | Construir | Farm |
| 19:16 | Construir | Farm |
| 19:19 | Construir | Farm |
| 19:22 | Construir | Farm |
| 19:25 | Construir | Farm |
| 19:31 | Crear | Villager (Male) |
| 19:32 | Crear | Villager (Male) |
| 19:32 | Crear | Villager (Male) |
| 19:41 | Crear | Villager (Male) |
| 19:41 | Crear | Villager (Male) |
| 19:46 | Construir | Farm |
| 20:02 | Construir | Town Center |
| 20:11 | Construir | Town Center |
| 20:12 | Crear | Villager (Male) |
| 20:13 | Crear | Villager (Male) |
| 20:18 | Construir | House |
| 20:24 | Construir | House |
| 20:25 | Construir | House |
| 20:32 | Construir | Market |
| 20:37 | Construir | Market |
| 20:49 | Construir | Farm |
| 20:56 | Construir | Farm |
| 21:07 | Construir | University |
| 21:08 | Crear | Villager (Male) |
| 21:08 | Crear | Villager (Male) |
| 21:09 | Crear | Villager (Male) |
| 21:09 | Crear | Villager (Male) |
| 21:09 | Crear | Villager (Male) |
| 21:10 | Crear | Villager (Male) |
| 21:15 | Construir | Farm |
| 21:38 | Construir | Stable |
| 21:48 | Construir | Farm |
| 21:50 | Construir | Farm |
| 21:59 | Crear | Villager (Male) |
| 21:59 | Crear | Villager (Male) |
| 21:59 | Crear | Villager (Male) |
| 22:05 | Construir | Farm |
| 22:07 | Construir | Farm |
| 22:10 | Construir | Farm |
| 22:11 | Construir | Farm |
| 22:20 | Crear | Villager (Male) |
| 22:20 | Crear | Villager (Male) |
| 22:20 | Crear | Villager (Male) |
| 22:25 | Construir | House |
| 22:26 | Construir | House |
| 22:28 | Construir | House |
| 22:29 | Construir | House |
| 22:32 | Construir | House |
| 22:33 | Construir | House |
| 22:39 | Construir | House |
| 22:46 | Construir | Farm |
| 22:57 | Construir | Stable |
| 23:36 | Investigar | Imperial Age |
| 23:45 | Investigar | Scale Mail Armor |
| 23:45 | Investigar | Scale Mail Armor |
| 23:49 | Investigar | Forging |
| 24:01 | Crear | Trade Cart |
| 24:02 | Crear | Trade Cart |
| 24:02 | Crear | Trade Cart |
| 24:03 | Crear | Trade Cart |
| 24:03 | Crear | Trade Cart |
| 24:09 | Construir | Farm |
| 24:24 | Construir | Castle |
| 24:30 | Investigar | Fortified Wall (upgrade) |
| 24:31 | Investigar | Masonry |
| 24:35 | Construir | Farm |
Build order — Papi
Primeras 150 de 821 acciones detectadas
| 0:01 | Crear | Villager (Male) |
| 0:01 | Crear | Villager (Male) |
| 0:09 | Construir | Lumber Camp |
| 0:11 | Crear | Villager (Male) |
| 0:11 | Crear | Villager (Male) |
| 0:28 | Construir | Mill |
| 1:01 | Crear | Villager (Male) |
| 1:01 | Crear | Villager (Male) |
| 1:16 | Investigar | Loom |
| 1:29 | Crear | Villager (Male) |
| 1:44 | Crear | Villager (Male) |
| 1:50 | Crear | Villager (Male) |
| 2:30 | Crear | Villager (Male) |
| 3:03 | Crear | Villager (Male) |
| 3:29 | Construir | Mining Camp |
| 3:36 | Crear | Villager (Male) |
| 3:45 | Crear | Villager (Male) |
| 4:12 | Crear | Villager (Male) |
| 4:42 | Crear | Villager (Male) |
| 5:34 | Construir | Mining Camp |
| 5:51 | Investigar | Feudal Age |
| 6:51 | Construir | Barracks |
| 7:11 | Crear | Villager (Male) |
| 8:01 | Edad | Edad Feudal |
| 8:04 | Investigar | Double-Bit Axe |
| 8:13 | Construir | Stable |
| 8:20 | Construir | Blacksmith |
| 8:24 | Crear | Villager (Male) |
| 8:26 | Crear | Villager (Male) |
| 8:46 | Crear | Villager (Male) |
| 9:01 | Crear | Villager (Male) |
| 9:39 | Crear | Villager (Male) |
| 10:00 | Crear | Villager (Male) |
| 10:08 | Construir | House |
| 10:09 | Construir | House |
| 10:10 | Construir | House |
| 10:11 | Construir | House |
| 10:12 | Construir | House |
| 10:14 | Construir | House |
| 10:30 | Investigar | Wheelbarrow |
| 10:33 | Crear | Villager (Male) |
| 11:24 | Construir | Farm |
| 11:24 | Construir | Farm |
| 11:24 | Construir | Farm |
| 11:24 | Construir | Farm |
| 11:24 | Construir | Farm |
| 11:37 | Crear | Villager (Male) |
| 12:14 | Investigar | Castle Age |
| 12:40 | Investigar | Stone Mining |
| 13:16 | Construir | Farm |
| 13:17 | Construir | Farm |
| 13:17 | Construir | Farm |
| 13:17 | Construir | Farm |
| 13:17 | Construir | Farm |
| 13:17 | Construir | Farm |
| 13:18 | Construir | Farm |
| 13:18 | Construir | Farm |
| 13:33 | Construir | House |
| 13:34 | Construir | House |
| 13:35 | Construir | House |
| 13:36 | Construir | House |
| 13:37 | Construir | House |
| 13:38 | Construir | House |
| 13:39 | Construir | House |
| 13:55 | Construir | Stone Wall |
| 14:01 | Construir | Gate |
| 14:26 | Crear | Villager (Male) |
| 14:53 | Edad | Edad de los Castillos |
| 15:22 | Construir | Town Center |
| 15:24 | Crear | Villager (Male) |
| 15:24 | Crear | Villager (Male) |
| 15:25 | Crear | Villager (Male) |
| 15:26 | Crear | Villager (Male) |
| 15:44 | Construir | House |
| 15:45 | Construir | House |
| 15:49 | Crear | Villager (Male) |
| 16:16 | Construir | Stone Wall |
| 16:20 | Construir | Gate |
| 16:23 | Crear | Villager (Male) |
| 16:24 | Crear | Villager (Male) |
| 16:29 | Crear | Villager (Male) |
| 16:49 | Crear | Villager (Male) |
| 16:58 | Crear | Villager (Male) |
| 16:58 | Crear | Villager (Male) |
| 16:59 | Crear | Villager (Male) |
| 16:59 | Crear | Villager (Male) |
| 16:59 | Crear | Villager (Male) |
| 16:59 | Crear | Villager (Male) |
| 17:00 | Crear | Villager (Male) |
| 17:08 | Crear | Villager (Male) |
| 17:09 | Crear | Villager (Male) |
| 17:15 | Investigar | Gold Mining |
| 17:36 | Crear | Villager (Male) |
| 17:50 | Construir | Stone Wall |
| 17:58 | Crear | Villager (Male) |
| 18:00 | Crear | Villager (Male) |
| 18:16 | Construir | Town Center |
| 18:18 | Crear | Villager (Male) |
| 18:21 | Crear | Villager (Male) |
| 18:21 | Crear | Villager (Male) |
| 18:21 | Crear | Villager (Male) |
| 18:22 | Crear | Villager (Male) |
| 18:35 | Construir | Lumber Camp |
| 18:37 | Crear | Villager (Male) |
| 18:53 | Crear | Villager (Male) |
| 19:03 | Construir | Farm |
| 19:03 | Construir | Farm |
| 19:06 | Construir | Farm |
| 19:09 | Crear | Villager (Male) |
| 19:13 | Crear | Villager (Male) |
| 19:13 | Crear | Villager (Male) |
| 19:39 | Investigar | Gold Shaft Mining |
| 19:40 | Investigar | Gold Shaft Mining |
| 19:47 | Construir | Farm |
| 19:47 | Construir | Farm |
| 19:47 | Construir | Farm |
| 19:47 | Construir | Farm |
| 19:48 | Construir | Farm |
| 19:48 | Construir | Farm |
| 19:48 | Construir | Farm |
| 19:48 | Construir | Farm |
| 19:49 | Construir | Farm |
| 19:53 | Crear | Villager (Male) |
| 20:01 | Crear | Villager (Male) |
| 20:01 | Crear | Villager (Male) |
| 20:07 | Construir | Gate |
| 20:13 | Crear | Villager (Male) |
| 20:14 | Crear | Villager (Male) |
| 20:31 | Construir | Farm |
| 20:32 | Construir | Farm |
| 20:33 | Construir | Farm |
| 20:33 | Construir | Farm |
| 20:33 | Construir | Farm |
| 20:34 | Construir | Farm |
| 20:34 | Construir | Farm |
| 20:34 | Construir | Farm |
| 20:34 | Construir | Farm |
| 20:36 | Crear | Villager (Male) |
| 20:43 | Crear | Villager (Male) |
| 20:50 | Construir | Farm |
| 20:51 | Construir | Farm |
| 20:51 | Construir | Farm |
| 20:51 | Construir | Farm |
| 20:51 | Construir | Farm |
| 20:51 | Construir | Farm |
| 20:51 | Construir | Farm |
| 20:52 | Construir | Farm |
| 20:57 | Crear | Villager (Male) |
| 21:09 | Construir | Mill |
| 21:13 | Construir | Farm |
Build order — manejc94
Primeras 150 de 543 acciones detectadas
| 0:15 | Construir | Lumber Camp |
| 0:24 | Crear | Villager (Male) |
| 0:24 | Crear | Villager (Male) |
| 0:24 | Crear | Villager (Male) |
| 0:25 | Crear | Villager (Male) |
| 0:25 | Crear | Villager (Male) |
| 0:25 | Crear | Villager (Male) |
| 1:05 | Crear | Villager (Male) |
| 1:05 | Crear | Villager (Male) |
| 2:18 | Crear | Villager (Male) |
| 2:36 | Crear | Villager (Male) |
| 2:51 | Construir | Mill |
| 2:54 | Crear | Villager (Male) |
| 3:49 | Construir | Farm |
| 3:53 | Construir | Farm |
| 3:58 | Construir | Farm |
| 4:03 | Construir | Farm |
| 4:11 | Crear | Villager (Male) |
| 4:11 | Crear | Villager (Male) |
| 4:12 | Crear | Villager (Male) |
| 5:08 | Investigar | Loom |
| 5:09 | Crear | Villager (Male) |
| 5:09 | Crear | Villager (Male) |
| 5:11 | Crear | Villager (Male) |
| 5:19 | Investigar | Feudal Age |
| 5:34 | Construir | Palisade Wall |
| 5:41 | Investigar | Loom |
| 5:44 | Crear | Villager (Male) |
| 5:44 | Crear | Villager (Male) |
| 6:28 | Construir | Palisade Wall |
| 6:36 | Construir | Palisade Wall |
| 7:13 | Crear | Villager (Male) |
| 7:13 | Crear | Villager (Male) |
| 7:30 | Construir | Mining Camp |
| 7:36 | Edad | Edad Feudal |
| 7:37 | Investigar | Double-Bit Axe |
| 7:38 | Investigar | Horse Collar |
| 7:41 | Investigar | Wheelbarrow |
| 8:00 | Construir | Stone Wall |
| 8:06 | Construir | Stone Wall |
| 8:22 | Construir | Stone Wall |
| 8:27 | Construir | Stone Wall |
| 8:29 | Construir | Stone Wall |
| 9:11 | Crear | Villager (Male) |
| 9:19 | Construir | Farm |
| 9:25 | Crear | Villager (Male) |
| 9:26 | Crear | Villager (Male) |
| 9:26 | Crear | Villager (Male) |
| 9:46 | Crear | Spearman |
| 10:52 | Construir | Farm |
| 10:53 | Construir | Farm |
| 10:53 | Construir | Farm |
| 10:53 | Construir | Farm |
| 10:53 | Construir | Farm |
| 10:56 | Construir | Farm |
| 10:57 | Construir | Farm |
| 11:43 | Construir | Market |
| 11:46 | Construir | Blacksmith |
| 11:53 | Crear | Villager (Male) |
| 11:53 | Crear | Villager (Male) |
| 11:53 | Crear | Villager (Male) |
| 12:02 | Construir | Farm |
| 12:54 | Crear | Villager (Male) |
| 12:54 | Crear | Villager (Male) |
| 12:54 | Crear | Villager (Male) |
| 12:55 | Crear | Villager (Male) |
| 12:55 | Crear | Villager (Male) |
| 13:36 | Investigar | Castle Age |
| 14:43 | Crear | Villager (Male) |
| 14:44 | Crear | Villager (Male) |
| 14:44 | Crear | Villager (Male) |
| 14:49 | Construir | House |
| 14:52 | Construir | House |
| 14:55 | Construir | House |
| 14:56 | Construir | House |
| 14:57 | Construir | House |
| 15:00 | Construir | House |
| 15:02 | Construir | House |
| 15:09 | Construir | House |
| 15:11 | Construir | House |
| 15:13 | Construir | House |
| 15:56 | Construir | Lumber Camp |
| 16:14 | Construir | Lumber Camp |
| 16:24 | Crear | Villager (Male) |
| 16:24 | Crear | Villager (Male) |
| 16:25 | Crear | Villager (Male) |
| 16:36 | Edad | Edad de los Castillos |
| 16:50 | Construir | Town Center |
| 17:12 | Investigar | Hand Cart |
| 18:20 | Construir | University |
| 18:39 | Construir | Siege Workshop |
| 18:43 | Construir | Siege Workshop |
| 18:45 | Crear | Villager (Male) |
| 18:46 | Crear | Villager (Male) |
| 18:46 | Crear | Villager (Male) |
| 18:46 | Crear | Villager (Male) |
| 18:46 | Crear | Villager (Male) |
| 18:47 | Crear | Villager (Male) |
| 18:47 | Crear | Villager (Male) |
| 18:47 | Crear | Villager (Male) |
| 18:48 | Crear | Villager (Male) |
| 19:10 | Construir | Lumber Camp |
| 19:32 | Investigar | Fortified Wall (upgrade) |
| 19:37 | Crear | Villager (Male) |
| 19:37 | Crear | Villager (Male) |
| 19:38 | Crear | Villager (Male) |
| 19:48 | Crear | Villager (Male) |
| 19:48 | Crear | Villager (Male) |
| 19:52 | Crear | Villager (Male) |
| 20:09 | Crear | Villager (Male) |
| 20:33 | Investigar | Masonry |
| 20:50 | Construir | Siege Workshop |
| 20:52 | Construir | Siege Workshop |
| 20:55 | Crear | Villager (Male) |
| 20:56 | Crear | Villager (Male) |
| 20:56 | Crear | Villager (Male) |
| 21:03 | Construir | Farm |
| 21:18 | Construir | Lumber Camp |
| 21:25 | Construir | Lumber Camp |
| 21:33 | Crear | Villager (Male) |
| 21:34 | Crear | Villager (Male) |
| 21:34 | Crear | Villager (Male) |
| 21:43 | Construir | Stone Wall |
| 21:50 | Crear | Scorpion ×2 |
| 22:09 | Crear | Villager (Male) |
| 22:09 | Crear | Villager (Male) |
| 22:10 | Crear | Villager (Male) |
| 22:10 | Crear | Villager (Male) |
| 22:10 | Crear | Villager (Male) |
| 22:10 | Crear | Villager (Male) |
| 22:11 | Crear | Villager (Male) |
| 22:15 | Construir | Farm |
| 22:25 | Construir | Farm |
| 22:25 | Construir | Farm |
| 22:28 | Crear | Villager (Male) |
| 22:28 | Crear | Villager (Male) |
| 22:28 | Crear | Villager (Male) |
| 22:29 | Crear | Villager (Male) |
| 22:42 | Construir | Mining Camp |
| 22:53 | Investigar | Bow Saw |
| 23:24 | Construir | Palisade Wall |
| 23:27 | Construir | Palisade Gate |
| 23:31 | Construir | Mining Camp |
| 23:42 | Crear | Villager (Male) |
| 23:42 | Crear | Villager (Male) |
| 23:42 | Crear | Villager (Male) |
| 23:47 | Construir | Farm |
| 23:51 | Construir | Farm |
| 23:56 | Construir | Farm |
| 24:01 | Construir | Farm |
Build order — Soldier
Primeras 150 de 492 acciones detectadas
| 0:02 | Crear | Villager (Male) |
| 0:03 | Investigar | Loom |
| 0:05 | Crear | Villager (Male) ×4 |
| 0:41 | Construir | Lumber Camp |
| 1:41 | Crear | Villager (Male) |
| 1:41 | Crear | Villager (Male) |
| 2:42 | Crear | Villager (Male) ×4 |
| 3:09 | Construir | Mill |
| 4:07 | Crear | Villager (Male) ×4 |
| 6:18 | Investigar | Feudal Age |
| 6:55 | Crear | Villager (Male) |
| 8:22 | Edad | Edad Feudal |
| 8:27 | Investigar | Wheelbarrow |
| 8:30 | Investigar | Horse Collar |
| 8:34 | Investigar | Double-Bit Axe |
| 8:48 | Construir | Mining Camp |
| 8:55 | Crear | Villager (Male) |
| 9:02 | Construir | Blacksmith |
| 9:08 | Construir | Market |
| 9:29 | Crear | Villager (Male) ×5 |
| 10:16 | Construir | Farm |
| 10:18 | Construir | Farm |
| 10:23 | Construir | Farm |
| 10:26 | Construir | Farm |
| 10:43 | Construir | Farm |
| 10:44 | Construir | Farm |
| 11:21 | Construir | Lumber Camp |
| 11:31 | Construir | Farm |
| 11:51 | Crear | Villager (Male) |
| 11:51 | Crear | Villager (Male) |
| 11:56 | Construir | Farm |
| 12:04 | Construir | Mining Camp |
| 13:02 | Crear | Villager (Male) |
| 13:03 | Crear | Villager (Male) |
| 13:28 | Construir | Farm |
| 13:29 | Construir | Farm |
| 13:32 | Construir | Farm |
| 13:44 | Investigar | Castle Age |
| 14:07 | Construir | Farm |
| 14:08 | Construir | Farm |
| 14:12 | Crear | Villager (Male) |
| 14:16 | Investigar | Stone Mining |
| 16:13 | Edad | Edad de los Castillos |
| 16:16 | Investigar | Hand Cart |
| 16:25 | Construir | Town Center |
| 16:27 | Investigar | Bow Saw |
| 16:32 | Crear | Villager (Male) |
| 16:39 | Investigar | Heavy Plow |
| 16:50 | Construir | Farm |
| 16:52 | Construir | Farm |
| 16:53 | Construir | Farm |
| 16:55 | Construir | Farm |
| 17:00 | Crear | Villager (Male) |
| 17:00 | Crear | Villager (Male) |
| 17:27 | Construir | Lumber Camp |
| 17:48 | Crear | Villager (Male) ×5 |
| 17:55 | Construir | House |
| 17:56 | Construir | House |
| 17:57 | Construir | House |
| 17:58 | Construir | House |
| 18:00 | Construir | House |
| 18:02 | Construir | House |
| 18:03 | Construir | House |
| 18:04 | Construir | House |
| 18:10 | Crear | Villager (Male) |
| 18:10 | Crear | Villager (Male) |
| 18:11 | Crear | Villager (Male) |
| 18:44 | Crear | Villager (Male) |
| 18:45 | Crear | Villager (Male) |
| 19:38 | Construir | Town Center |
| 19:45 | Crear | Villager (Male) |
| 19:45 | Crear | Villager (Male) |
| 19:45 | Crear | Villager (Male) |
| 19:54 | Construir | Farm |
| 19:59 | Crear | Villager (Male) ×5 |
| 20:34 | Construir | Town Center |
| 20:37 | Crear | Villager (Male) |
| 20:37 | Crear | Villager (Male) |
| 20:37 | Crear | Villager (Male) |
| 20:37 | Crear | Villager (Male) |
| 20:54 | Construir | Town Center |
| 21:06 | Crear | Villager (Male) ×5 |
| 21:06 | Crear | Villager (Male) |
| 21:07 | Crear | Villager (Male) |
| 21:11 | Investigar | Gold Mining |
| 21:11 | Investigar | Stone Shaft Mining |
| 21:22 | Construir | Castle |
| 21:28 | Construir | Market |
| 21:29 | Construir | Market |
| 21:53 | Crear | Villager (Male) ×5 |
| 21:57 | Crear | Villager (Male) |
| 21:57 | Crear | Villager (Male) |
| 22:03 | Construir | House |
| 22:03 | Construir | House |
| 22:03 | Construir | House |
| 22:07 | Construir | Farm |
| 22:13 | Construir | Farm |
| 22:14 | Construir | Farm |
| 22:14 | Construir | Farm |
| 22:14 | Construir | Farm |
| 22:15 | Construir | Farm |
| 22:16 | Construir | Farm |
| 22:16 | Construir | Farm |
| 22:17 | Construir | Farm |
| 22:18 | Construir | Farm |
| 22:18 | Construir | Farm |
| 22:18 | Construir | Farm |
| 22:18 | Construir | Farm |
| 22:19 | Construir | Farm |
| 22:19 | Construir | Farm |
| 22:23 | Crear | Villager (Male) |
| 22:23 | Crear | Villager (Male) |
| 22:28 | Crear | Villager (Male) |
| 22:29 | Crear | Villager (Male) |
| 22:29 | Crear | Villager (Male) |
| 22:29 | Crear | Villager (Male) |
| 22:29 | Crear | Villager (Male) |
| 22:30 | Crear | Villager (Male) |
| 22:30 | Crear | Villager (Male) |
| 22:40 | Construir | Market |
| 22:52 | Construir | Farm |
| 22:52 | Construir | Farm |
| 22:52 | Construir | Farm |
| 22:53 | Construir | Farm |
| 22:53 | Construir | Farm |
| 22:53 | Construir | Farm |
| 22:54 | Construir | Farm |
| 22:54 | Construir | Farm |
| 22:55 | Construir | Farm |
| 22:55 | Construir | Farm |
| 22:55 | Construir | Farm |
| 22:55 | Construir | Farm |
| 22:58 | Crear | Villager (Male) |
| 22:58 | Crear | Villager (Male) |
| 22:58 | Crear | Villager (Male) |
| 22:59 | Crear | Villager (Male) |
| 23:02 | Construir | Farm |
| 23:22 | Construir | House |
| 23:22 | Construir | House |
| 23:22 | Construir | House |
| 23:23 | Construir | House |
| 23:23 | Construir | House |
| 23:23 | Construir | House |
| 23:24 | Construir | House |
| 23:29 | Investigar | Gold Shaft Mining |
| 23:31 | Construir | Farm |
| 23:44 | Crear | Villager (Male) |
| 23:44 | Crear | Villager (Male) |
| 23:44 | Crear | Villager (Male) |
| 23:49 | Construir | Farm |
Build order — BlackDream
Primeras 150 de 431 acciones detectadas
| 0:02 | Crear | Villager (Male) |
| 0:02 | Crear | Villager (Male) |
| 0:03 | Crear | Villager (Male) |
| 0:17 | Construir | Mill |
| 0:26 | Construir | Lumber Camp |
| 0:38 | Crear | Villager (Male) |
| 1:23 | Crear | Villager (Male) |
| 1:44 | Crear | Villager (Male) |
| 2:31 | Crear | Villager (Male) |
| 2:49 | Crear | Villager (Male) |
| 2:59 | Crear | Villager (Male) |
| 2:59 | Crear | Villager (Male) |
| 3:00 | Crear | Villager (Male) |
| 3:01 | Crear | Villager (Male) |
| 3:02 | Crear | Villager (Male) |
| 3:56 | Crear | Villager (Male) |
| 4:09 | Construir | Mining Camp |
| 4:27 | Construir | Farm |
| 4:27 | Construir | Farm |
| 4:28 | Construir | Farm |
| 4:28 | Construir | Farm |
| 4:29 | Construir | Farm |
| 4:48 | Construir | Farm |
| 5:07 | Construir | Farm |
| 5:18 | Crear | Villager (Male) |
| 5:35 | Construir | Farm |
| 5:48 | Investigar | Feudal Age |
| 6:33 | Construir | Farm |
| 8:27 | Crear | Villager (Male) |
| 8:28 | Edad | Edad Feudal |
| 8:28 | Crear | Villager (Male) |
| 8:35 | Construir | Market |
| 8:39 | Construir | Blacksmith |
| 9:01 | Crear | Villager (Male) |
| 9:23 | Construir | Farm |
| 9:45 | Investigar | Castle Age |
| 9:57 | Construir | Farm |
| 9:57 | Construir | Farm |
| 9:58 | Construir | Farm |
| 9:59 | Construir | Farm |
| 10:07 | Investigar | Horse Collar |
| 10:11 | Investigar | Double-Bit Axe |
| 10:38 | Investigar | Gold Mining |
| 11:15 | Construir | Stable |
| 12:15 | Crear | Villager (Male) |
| 12:15 | Crear | Villager (Male) |
| 12:25 | Edad | Edad de los Castillos |
| 12:27 | Investigar | Bow Saw |
| 12:52 | Crear | Villager (Male) |
| 12:59 | Investigar | Heavy Plow |
| 13:19 | Crear | Villager (Male) |
| 13:34 | Construir | Lumber Camp |
| 13:42 | Construir | Farm |
| 13:55 | Construir | Farm |
| 14:01 | Crear | Villager (Male) |
| 14:07 | Crear | Villager (Male) |
| 14:33 | Construir | Lumber Camp |
| 14:52 | Crear | Villager (Male) |
| 14:54 | Crear | Villager (Male) |
| 15:35 | Crear | Villager (Male) |
| 15:49 | Crear | Villager (Male) |
| 16:14 | Construir | Town Center |
| 16:36 | Crear | Villager (Male) |
| 16:51 | Investigar | Bloodlines |
| 16:52 | Crear | Scout Cavalry |
| 16:53 | Crear | Scout Cavalry |
| 16:53 | Crear | Scout Cavalry |
| 16:59 | Crear | Janissary |
| 16:59 | Crear | Janissary |
| 16:59 | Crear | Janissary |
| 16:59 | Crear | Janissary |
| 17:07 | Crear | Villager (Male) |
| 17:07 | Crear | Villager (Male) |
| 17:19 | Investigar | Gold Shaft Mining |
| 17:31 | Construir | Town Center |
| 17:42 | Crear | Villager (Male) |
| 17:42 | Crear | Villager (Male) |
| 17:58 | Construir | House |
| 17:59 | Construir | House |
| 18:00 | Construir | House |
| 18:02 | Construir | House |
| 18:03 | Construir | House |
| 18:05 | Construir | House |
| 18:15 | Construir | House |
| 18:16 | Construir | House |
| 18:19 | Construir | House |
| 18:21 | Construir | House |
| 18:44 | Construir | Farm |
| 18:53 | Crear | Villager (Male) |
| 18:54 | Crear | Villager (Male) |
| 18:54 | Crear | Villager (Male) |
| 19:04 | Construir | Farm |
| 19:04 | Construir | Farm |
| 19:04 | Construir | Farm |
| 19:12 | Crear | Villager (Male) |
| 19:12 | Crear | Villager (Male) |
| 19:23 | Crear | Villager (Male) |
| 19:26 | Construir | Farm |
| 19:29 | Construir | Farm |
| 19:48 | Crear | Villager (Male) |
| 19:48 | Crear | Villager (Male) |
| 19:49 | Crear | Villager (Male) |
| 19:54 | Crear | Villager (Male) |
| 19:54 | Crear | Villager (Male) |
| 19:56 | Construir | Farm |
| 19:58 | Crear | Villager (Male) |
| 20:13 | Investigar | Stone Mining |
| 20:17 | Crear | Villager (Male) |
| 20:19 | Crear | Villager (Male) |
| 20:21 | Construir | Farm |
| 20:47 | Construir | Farm |
| 20:50 | Crear | Villager (Male) |
| 20:50 | Crear | Villager (Male) |
| 20:59 | Investigar | Husbandry |
| 21:17 | Crear | Villager (Male) |
| 21:18 | Crear | Villager (Male) |
| 21:23 | Crear | Villager (Male) |
| 21:25 | Construir | Farm |
| 22:34 | Investigar | Wheelbarrow |
| 22:39 | Construir | Farm |
| 22:43 | Construir | Farm |
| 22:46 | Crear | Villager (Male) |
| 22:46 | Crear | Villager (Male) |
| 22:46 | Crear | Villager (Male) |
| 22:55 | Construir | Farm |
| 22:55 | Construir | Farm |
| 22:56 | Construir | Farm |
| 22:56 | Construir | Farm |
| 22:59 | Construir | Farm |
| 23:00 | Construir | Farm |
| 23:03 | Construir | Farm |
| 23:07 | Crear | Villager (Male) |
| 23:07 | Crear | Villager (Male) |
| 23:07 | Crear | Villager (Male) |
| 23:08 | Crear | Villager (Male) |
| 23:08 | Crear | Villager (Male) |
| 23:08 | Crear | Villager (Male) |
| 23:28 | Construir | Farm |
| 23:58 | Investigar | Imperial Age |
| 24:07 | Construir | Farm |
| 24:08 | Construir | Farm |
| 24:09 | Construir | Farm |
| 24:14 | Investigar | Loom |
| 24:19 | Investigar | Hand Cart |
| 24:29 | Crear | Villager (Male) |
| 24:29 | Crear | Villager (Male) |
| 24:30 | Crear | Villager (Male) |
| 24:32 | Crear | Villager (Male) |
| 24:43 | Construir | Lumber Camp |
| 25:01 | Construir | Lumber Camp |
Build order — aganeysinmas
Primeras 150 de 477 acciones detectadas
| 0:01 | Crear | Villager (Male) |
| 0:05 | Construir | Lumber Camp |
| 0:10 | Crear | Villager (Male) |
| 0:11 | Crear | Villager (Male) |
| 0:11 | Crear | Villager (Male) |
| 0:11 | Crear | Villager (Male) |
| 0:11 | Crear | Villager (Male) |
| 0:16 | Construir | Mill |
| 1:02 | Crear | Villager (Male) |
| 1:02 | Crear | Villager (Male) |
| 1:32 | Crear | Villager (Male) |
| 1:47 | Crear | Villager (Male) |
| 2:05 | Crear | Villager (Male) |
| 2:30 | Crear | Villager (Male) |
| 2:30 | Crear | Villager (Male) |
| 2:48 | Crear | Villager (Male) |
| 2:49 | Crear | Villager (Male) |
| 3:31 | Crear | Villager (Male) |
| 3:31 | Crear | Villager (Male) |
| 3:46 | Crear | Villager (Male) |
| 4:24 | Crear | Villager (Male) |
| 4:52 | Crear | Villager (Male) |
| 4:56 | Construir | Mining Camp |
| 5:33 | Crear | Villager (Male) |
| 5:35 | Investigar | Loom |
| 5:38 | Investigar | Feudal Age |
| 6:03 | Construir | Lumber Camp |
| 6:48 | Crear | Villager (Male) |
| 6:49 | Crear | Villager (Male) |
| 8:12 | Edad | Edad Feudal |
| 8:14 | Construir | Market |
| 8:18 | Construir | Blacksmith |
| 8:55 | Construir | Farm |
| 9:10 | Investigar | Castle Age |
| 9:11 | Investigar | Castle Age |
| 9:26 | Construir | Farm |
| 9:28 | Construir | Farm |
| 9:35 | Construir | Farm |
| 9:49 | Investigar | Double-Bit Axe |
| 9:49 | Investigar | Double-Bit Axe |
| 10:18 | Construir | Stone Wall |
| 10:28 | Construir | Mining Camp |
| 10:44 | Construir | Stone Wall |
| 11:09 | Crear | Villager (Male) |
| 11:09 | Crear | Villager (Male) |
| 11:19 | Investigar | Horse Collar |
| 11:50 | Edad | Edad de los Castillos |
| 11:52 | Construir | Town Center |
| 12:18 | Crear | Villager (Male) |
| 12:23 | Construir | Farm |
| 12:58 | Crear | Villager (Male) |
| 13:03 | Construir | Farm |
| 13:10 | Construir | Farm |
| 13:19 | Investigar | Bow Saw |
| 13:43 | Crear | Villager (Male) |
| 13:43 | Crear | Villager (Male) |
| 13:48 | Construir | Farm |
| 13:51 | Crear | Villager (Male) |
| 13:51 | Crear | Villager (Male) |
| 14:09 | Crear | Villager (Male) |
| 14:11 | Crear | Villager (Male) |
| 14:55 | Construir | Town Center |
| 15:11 | Construir | Monastery |
| 15:12 | Crear | Villager (Male) |
| 15:13 | Crear | Villager (Male) |
| 15:17 | Construir | Farm |
| 15:22 | Construir | Farm |
| 15:22 | Crear | Villager (Male) |
| 15:24 | Crear | Villager (Male) |
| 15:26 | Construir | Farm |
| 15:32 | Construir | Farm |
| 15:37 | Construir | Farm |
| 15:41 | Crear | Villager (Male) |
| 15:42 | Crear | Villager (Male) |
| 15:53 | Construir | Farm |
| 15:58 | Construir | Farm |
| 16:04 | Crear | Villager (Male) |
| 16:04 | Crear | Villager (Male) |
| 16:23 | Construir | Farm |
| 16:26 | Crear | Villager (Male) |
| 16:27 | Crear | Villager (Male) |
| 16:34 | Construir | Farm |
| 16:39 | Construir | Farm |
| 16:41 | Crear | Villager (Male) |
| 16:41 | Crear | Villager (Male) |
| 16:51 | Construir | Farm |
| 16:53 | Construir | Farm |
| 16:54 | Construir | Mill |
| 16:56 | Construir | Farm |
| 17:05 | Crear | Villager (Male) |
| 17:07 | Crear | Villager (Male) |
| 17:09 | Construir | Mill |
| 17:13 | Crear | Villager (Male) |
| 17:13 | Crear | Villager (Male) |
| 17:32 | Crear | Villager (Male) |
| 17:32 | Crear | Villager (Male) |
| 17:39 | Crear | Monk |
| 17:50 | Construir | Market |
| 17:53 | Crear | Villager (Male) |
| 17:54 | Crear | Villager (Male) |
| 18:01 | Construir | Farm |
| 18:02 | Construir | Farm |
| 18:06 | Crear | Villager (Male) |
| 18:10 | Construir | Farm |
| 18:11 | Construir | Farm |
| 18:20 | Construir | House |
| 18:21 | Construir | House |
| 18:23 | Construir | House |
| 18:23 | Construir | House |
| 18:24 | Construir | House |
| 18:31 | Crear | Villager (Male) |
| 18:31 | Crear | Villager (Male) |
| 18:34 | Investigar | Town Watch |
| 18:43 | Investigar | Wheelbarrow |
| 18:49 | Construir | House |
| 18:50 | Construir | House |
| 18:51 | Construir | House |
| 18:57 | Crear | Villager (Male) |
| 18:57 | Crear | Villager (Male) |
| 19:04 | Crear | Villager (Male) |
| 19:07 | Crear | Villager (Male) |
| 19:09 | Crear | Villager (Male) |
| 19:14 | Investigar | Heavy Plow |
| 19:25 | Crear | Villager (Male) |
| 19:33 | Construir | Farm |
| 19:34 | Crear | Villager (Male) |
| 19:35 | Crear | Villager (Male) |
| 19:41 | Construir | House |
| 19:42 | Construir | House |
| 19:44 | Construir | House |
| 19:45 | Construir | House |
| 19:58 | Crear | Villager (Male) |
| 19:58 | Crear | Villager (Male) |
| 19:59 | Crear | Villager (Male) |
| 20:00 | Crear | Villager (Male) |
| 20:04 | Construir | Farm |
| 20:12 | Construir | Farm |
| 20:13 | Construir | Farm |
| 20:15 | Crear | Villager (Male) |
| 20:16 | Crear | Villager (Male) |
| 20:21 | Construir | House |
| 20:26 | Construir | House |
| 20:27 | Construir | House |
| 20:28 | Construir | House |
| 20:29 | Construir | House |
| 20:41 | Crear | Villager (Male) |
| 20:42 | Crear | Villager (Male) |
| 20:45 | Crear | Villager (Male) |
| 20:46 | Crear | Villager (Male) |
| 20:47 | Crear | Villager (Male) |
Cronología de la partida
| 5:34 | manejc94 · wall_segment Palisade Wall x5 |
| 6:28 | manejc94 · wall_segment Palisade Wall x5 |
| 6:36 | manejc94 · wall_segment Palisade Wall x5 |
| 6:51 | Papi · first_building Barracks |
| 7:36 | manejc94 · age_up feudal |
| 7:50 | Sauron_aoe · age_up feudal |
| 8:00 | manejc94 · wall_segment Stone Wall x6 |
| 8:01 | Papi · age_up feudal |
| 8:02 | damian.miramontes · age_up feudal |
| 8:06 | manejc94 · wall_segment Stone Wall x8 |
| 8:12 | aganeysinmas · age_up feudal |
| 8:13 | Papi · first_building Stable |
| 8:21 | damian.miramontes · wall_segment Stone Wall x13 |
| 8:22 | Soldier · age_up feudal |
| 8:22 | manejc94 · wall_segment Stone Wall x16 |
| 8:27 | manejc94 · wall_segment Stone Wall x6 |
| 8:28 | BlackDream · age_up feudal |
| 8:29 | manejc94 · wall_segment Stone Wall x8 |
| 8:43 | rauni11 · age_up feudal |
| 8:45 | damian.miramontes · wall_segment Stone Wall x6 |
| 9:22 | rauni11 · first_building Stable |
| 9:26 | Sauron_aoe · wall_segment Stone Wall x20 |
| 9:42 | damian.miramontes · wall_segment Stone Wall x7 |
| 10:14 | rauni11 · wall_segment Stone Wall x23 |
| 10:18 | aganeysinmas · wall_segment Stone Wall x8 |
| 10:40 | rauni11 · wall_segment Stone Wall x10 |
| 10:42 | damian.miramontes · age_up castle |
| 10:44 | aganeysinmas · wall_segment Stone Wall x16 |
| 10:57 | rauni11 · wall_segment Stone Wall x1 |
| 11:15 | BlackDream · first_building Stable |
| 11:19 | damian.miramontes · wall_segment Stone Wall x5 |
| 11:50 | aganeysinmas · age_up castle |
| 12:25 | BlackDream · age_up castle |
| 12:25 | damian.miramontes · wall_segment Stone Wall x14 |
| 12:38 | rauni11 · age_up castle |
| 13:18 | rauni11 · first_building Monastery |
| 13:30 | manejc94 · first_market_buy 100 wood |
| 13:32 | manejc94 · first_market_sell 100 food |
| 13:42 | damian.miramontes · wall_segment Stone Wall x7 |
| 13:55 | Papi · wall_segment Stone Wall x7 |
| 14:41 | Sauron_aoe · age_up castle |
| 14:53 | Papi · age_up castle |
| 15:09 | Sauron_aoe · first_building Stable |
| 15:11 | aganeysinmas · first_building Monastery |
| 15:53 | Sauron_aoe · first_market_sell 100 food |
| 16:13 | Soldier · age_up castle |
| 16:16 | Papi · wall_segment Stone Wall x15 |
| 16:31 | damian.miramontes · wall_segment Stone Wall x25 |
| 16:36 | manejc94 · age_up castle |
| 17:07 | Sauron_aoe · first_market_buy 100 wood |
| 17:50 | Papi · wall_segment Stone Wall x6 |
| 18:39 | manejc94 · first_building Siege Workshop |
| 20:40 | Sauron_aoe · first_building Castle |
| 21:22 | Soldier · first_building Castle |
| 21:28 | damian.miramontes · wall_segment Stone Wall x18 |
| 21:43 | manejc94 · wall_segment Stone Wall x10 |
| 21:46 | aganeysinmas · first_building Barracks |
| 23:00 | damian.miramontes · wall_segment Stone Wall x11 |
| 23:08 | aganeysinmas · first_building Castle |
| 23:24 | manejc94 · wall_segment Palisade Wall x7 |
| 23:52 | Papi · first_building Castle |
| 24:12 | Soldier · first_building Barracks |
| 24:24 | rauni11 · first_building Castle |
| 25:47 | Papi · first_building Siege Workshop |
| 25:48 | manejc94 · first_building Barracks |
| 25:49 | damian.miramontes · first_building Stable |
| 25:52 | BlackDream · first_building Siege Workshop |
| 26:03 | aganeysinmas · age_up imperial |
| 26:17 | Soldier · first_building Siege Workshop |
| 26:23 | damian.miramontes · age_up imperial |
| 26:46 | rauni11 · age_up imperial |
| 27:08 | BlackDream · age_up imperial |
| 27:20 | Papi · age_up imperial |
| 27:49 | manejc94 · wall_segment Stone Wall x10 |
| 27:54 | manejc94 · wall_segment Stone Wall x9 |
| 28:00 | manejc94 · wall_segment Stone Wall x20 |
| 28:02 | BlackDream · first_market_sell 100 food |
| 28:11 | manejc94 · wall_segment Stone Wall x32 |
| 28:19 | rauni11 · first_market_sell 100 wood |
| 28:19 | Soldier · wall_segment Stone Wall x9 |
| 28:23 | damian.miramontes · wall_segment Stone Wall x12 |
| 28:51 | aganeysinmas · first_building Siege Workshop |
| 29:00 | Sauron_aoe · first_building Siege Workshop |
| 30:07 | Soldier · first_building Stable |
| 30:53 | damian.miramontes · wall_segment Stone Wall x3 |
| 31:03 | BlackDream · first_building Castle |
| 31:22 | Soldier · age_up imperial |
| 31:22 | aganeysinmas · first_market_sell 500 stone |
| 32:16 | damian.miramontes · first_building Castle |
| 32:52 | Sauron_aoe · age_up imperial |
| 33:51 | damian.miramontes · wall_segment Stone Wall x9 |
| 34:05 | manejc94 · age_up imperial |
| 35:11 | BlackDream · first_building Monastery |
| 35:34 | Papi · first_building Archery Range |
| 36:37 | BlackDream · wall_segment Stone Wall x9 |
| 40:39 | damian.miramontes · first_market_buy 100 stone |
| 42:37 | BlackDream · first_market_buy 100 stone |
| 44:20 | manejc94 · first_building Castle |
| 45:35 | manejc94 · wall_segment Stone Wall x1 |
| 45:45 | Sauron_aoe · wall_segment Stone Wall x16 |
| 45:53 | Sauron_aoe · wall_segment Stone Wall x6 |
| 46:09 | Sauron_aoe · wall_segment Stone Wall x21 |
| 46:24 | aganeysinmas · first_building Stable |
| 46:47 | aganeysinmas · wall_segment Stone Wall x1 |
| 49:40 | Sauron_aoe · wall_segment Stone Wall x21 |
| 49:42 | damian.miramontes · wall_segment Stone Wall x6 |
| 50:13 | Soldier · wall_segment Stone Wall x8 |
| 50:24 | Soldier · wall_segment Stone Wall x4 |
| 50:28 | Sauron_aoe · wall_segment Stone Wall x3 |
| 50:49 | Sauron_aoe · wall_segment Stone Wall x1 |
| 51:06 | manejc94 · tribute_sent a jugador 1 |
| 51:06 | manejc94 · tribute_sent a jugador 2 |
| 51:06 | manejc94 · tribute_sent a jugador 3 |
| 51:06 | manejc94 · tribute_sent a jugador 5 |
| 51:06 | manejc94 · tribute_sent a jugador 6 |
| 51:06 | manejc94 · tribute_sent a jugador 7 |
| 51:06 | manejc94 · tribute_sent a jugador 8 |
| 51:51 | manejc94 · wall_segment Stone Wall x4 |
| 51:56 | aganeysinmas · wall_segment Stone Wall x1 |
| 54:59 | aganeysinmas · resign |
| 58:25 | Papi · first_market_sell 100 food |
| 62:12 | Papi · wall_segment Stone Wall x2 |
| 62:15 | Papi · wall_segment Stone Wall x7 |
[ ANÁLISIS IA · 1 CRÉDITO ]
¿Qué pasó realmente en esta partida?
Wolo.gg analiza cada decisión: build order, eco, micro, errores típicos por bracket. Análisis personalizado por WhatsApp o Discord en 30 segundos.
Guía civ
Borgoñones
Perfil
Jugador #19306752